 Dungeon Crawl Stone Soup version 0.27.1-33-g824d729ab1 (webtiles) character file.

Game seed: 11792645362814279423

17 jlumianski the Skirmisher (level 2, -2/19 HPs)
             Began as a Gargoyle Monk on Dec 6, 2021.
             Was a Believer of Yredelemnul.
             Slain by a jackal (3 damage)
             ... on level 2 of the Dungeon.
             The game lasted 00:04:59 (645 turns).

jlumianski the Skirmisher (Gargoyle Monk)            Turns: 645, Time: 00:05:01

Health: -2/19      AC:  4    Str: 14    XL:     2   Next: 62%
Magic:  1/2        EV: 12    Int: 10    God:    Yredelemnul [**....]
Gold:   10         SH:  0    Dex: 12    Spells: 1/1 levels left

rFire    . . .     SeeInvis .   f - +1 dagger (venom)
rCold    . . .     Faith    .   (no shield)
rNeg     + . .     Spirit   .   b - +0 robe
rPois    ∞         Reflect  .   (no helmet)
rElec    +         Harm     .   (no cloak)
rCorr    .         Rampage  .   (no gloves)
Will     .....                  (no boots)
Stlth    ++........             (no amulet)
HPRegen  0.06/turn              (no ring)
MPRegen  0.08/turn              (no ring)

@: no status effects
A: sickness immunity, AC +2, negative energy resistance 1, electricity
resistance, torment resistance 1, petrification resistance
a: Renounce Religion, Animate Remains, Recall Undead Slaves, Injury Mirror


You were on level 2 of the Dungeon.
You worshipped Yredelemnul.
Yredelemnul was pleased with you.
You visited 1 branch of the dungeon, and saw 2 of its levels.

You collected 10 gold pieces.

Inventory:

Hand Weapons
 a - a +0 hand axe
 c - a +0 whip
 f - a +1 dagger of venom (weapon)
Missiles
 e - 6 stones (quivered)
Armour
 b - a +0 robe (worn)
Jewellery
 d - a ring of flight


   Skills:
 + Level 3.5 Fighting
 + Level 3.0 Axes
 + Level 2.6 Dodging
 + Level 2.3 Stealth
 * Level 0.2 Invocations


You had one spell level left.
You didn't know any spells.
Your spell library was empty.

Dungeon Overview and Level Annotations

Branches:
Dungeon (1/15)

Altars:
Yredelemnul


Innate Abilities, Weirdness & Mutations

You are immune to sickness and miasma.
Your stone body is resilient. (AC +2)
You are immune to poison.
You resist negative energy. (rN+)
You are resistant to electric shocks. (rElec)
You are resistant to unholy torment.
You are immune to petrification.


Message History

Your kobold zombie hits the jackal with a +0 whip.
You see here a rat corpse.
You attempt to give life to the dead...
The dead are walking!
The jackal bites your kobold zombie. The jackal barely misses you.
The jackal bites your rat zombie. The jackal bites you.
* * * LOW HITPOINT WARNING * * *
Your kobold zombie closely misses the jackal.
The jackal closely misses your kobold zombie.
The jackal bites your rat zombie. The jackal misses you.
The jackal bites your kobold zombie.
Your kobold zombie is destroyed!
The jackal barely misses you.
The jackal barely misses your rat zombie.
The jackal barely misses your rat zombie.
The jackal bites your rat zombie. The jackal barely misses you.
Your rat zombie bites the jackal but does no damage.
The jackal bites your rat zombie.
The jackal closely misses your rat zombie. x2
Your rat zombie barely misses the jackal.
The jackal bites your rat zombie.
Your rat zombie is destroyed!
The jackal closely misses you.
A goblin comes into view. It is wielding a +0 club.
The goblin shouts!
An adder comes into view.
The jackal bites you but does no damage.
A rat comes into view.
The jackal closely misses you.
The adder hisses angrily.
The jackal bites you but does no damage.
A quokka comes into view.
The jackal barely misses you. The adder barely misses you. The adder bites you.
* * * LOW HITPOINT WARNING * * *
The jackal bites you but does no damage.
The quokka twitches its whiskers.
The adder bites you but does no damage. The jackal bites you.
You die...
Your body rises from the dead as a mindless zombie.

... ...# .r##...#+
##########........
#.................
#.................
#...........r.....
#.................
#........h@.......
#.......hSh.......
#..........##...#.
#####...h.###...#
###.........#
#######........ #
#..............
#..............
#..............


You could see an adder, a quokka, 4 jackals and a rat (wandering).

Vanquished Creatures
  A ball python (D:1)
  An endoplasm (D:1)
  2 goblins (D:1)
  2 hobgoblins
  A quokka (D:1)
  A bat (D:1)
  3 kobolds
  3 rats
14 creatures vanquished.

Vanquished Creatures (collateral kills)
  A frilled lizard (D:1)
  A kobold (D:1)
2 creatures vanquished.

Vanquished Creatures (others)
  A bat zombie (D:1)
  A kobold zombie (D:2)
  A rat zombie (D:2)
3 creatures vanquished.

Grand Total: 19 creatures vanquished

Notes
Turn   | Place    | Note
-------+----------+-------------------------------------------
     0 | D:1      | jlumianski the Gargoyle Monk began the quest for the Orb.
     0 | D:1      | Reached XP level 1. HP: 14/14 MP: 1/1
   316 | D:1      | Reached XP level 2. HP: 17/19 MP: 2/2
   351 | D:1      | Found a faded altar of an unknown god.
   361 | D:1      | Became a worshipper of Yredelemnul the Dark
   361 | D:1      | Reached * piety under Yredelemnul
   361 | D:1      | Reached ** piety under Yredelemnul
   579 | D:1      | You fall into a shaft and drop 1 floor!
   645 | D:2      | Slain by a jackal

Illustrated notes

Levels and vault maps discovered:
D:1:      kennysheep_arrival_seaside, layout_basic,
          shapermc_ecumenical_altar_pompeii
D:2:      layout_basic, kennysheep_generic_room_7

Skill      XL: |  1  2 |
---------------+-------+-----
Axes           | 3 |  3.0
Fighting       | |  3.5
Dodging        | |  2.6
Stealth        | |  2.3
Invocations    | |  0.2

Action                   || total
-------------------------++-------
Melee: Hand axe          ||    28
       Dagger            ||    20
Invok: Animate Remains   ||     7
 Stab: Sleeping          ||     2
Armor: Robe              ||    20
Dodge: Dodged            ||    42
